 Dungeon Crawl Stone Soup version 0.27.0-1-g7a089689b8 (webtiles) character file.

Game seed: 5672257231334946341

303 mandarbmax the Slasher (level 6, -11/52 HPs)
             Began as a Minotaur Fighter on Aug 1, 2021.
             Killed from afar by Ijyb (21 damage)
             ... with a bolt of acid
             ... on level 3 of the Dungeon.
             The game lasted 00:04:02 (2066 turns).

mandarbmax the Slasher (Minotaur Fighter)           Turns: 2066, Time: 00:04:03

Health: -11/52     AC:  5    Str: 21 (23) XL:     6   Next: 15%
Magic:  2/5        EV:  7    Int:  4 (5)  God:
Gold:   93         SH:  9    Dex:  6 (9)  Spells: 5/5 levels left

rFire    . . .     SeeInvis .   a - +0 long sword
rCold    . . .     Faith    .   c - +0 kite shield
rNeg     . . .     Spirit   .   b - +0 scale mail
rPois    .         Reflect  .   (helmet restricted)
rElec    .         Harm     .   (no cloak)
rCorr    .         Rampage  .   (no gloves)
Will     .....                  (no boots)
Stlth    ..........             (no amulet)
HPRegen  1.17/turn              (no ring)
MPRegen  0.09/turn              (no ring)

@: brilliant, corroded, very slightly contaminated, invisible
A: horns 2, retaliatory headbutt, iridescent scales 1, sense surroundings 1,
regeneration 1
a: no special abilities


You were on level 3 of the Dungeon.
You visited 1 branch of the dungeon, and saw 3 of its levels.

You collected 93 gold pieces.

Inventory:

Hand Weapons
 a - a +0 long sword (weapon)
Missiles
 g - 9 poisoned darts (quivered)
Armour
 b - a +0 scale mail (worn)
 c - a +0 kite shield (worn)
Scrolls
 h - a scroll of holy word {unknown}
 i - a scroll of silence {unknown}
 k - a scroll of magic mapping {unknown}
Potions
 j - a potion of invisibility


   Skills:
 + Level 3.8 Fighting
 + Level 7.6 Long Blades
 + Level 3.8 Armour
 + Level 3.8 Shields


You had 5 spell levels left.
You didn't know any spells.
Your spell library was empty.

Dungeon Overview and Level Annotations

Branches:
Dungeon (3/15)

Altars:

Shops:
D:2 [

Annotations:
D:3 3 runed translucent doors, Ijyb; krigyl's ghost, amateur VSWz


Innate Abilities, Weirdness & Mutations

You have a pair of horns on your head.
You reflexively headbutt those who attack you in melee.
You are partially covered in iridescent scales. (AC +2)
You passively map a small area around you.
Your natural rate of healing is unusually fast.


Message History

* * * LOW HITPOINT WARNING * * *
You feel your power leaking away.
Unknown command.
You are too injured to fight recklessly!
Unknown command.
You are too injured to fight recklessly!
Unknown command.
It was a potion of invisibility.
You fade into invisibility!
You block Ijyb's attack. The orc hits you but does no damage.
You are very lightly contaminated with residual magic.
It was a potion of mutation.
You feel extremely strange.
Iridescent scales grow over part of your body.
You feel a strange attunement to the structure of the dungeons.
You begin to heal more quickly.
Ijyb zaps a wand.
The bolt of acid misses you. The orc barely misses you.
It was a potion of brilliance.
You feel clever all of a sudden. Ijyb screams, "Me kill you!"
Ijyb barely misses you. You furiously retaliate!
You headbutt Ijyb, but do no damage.
The orc hits you from afar with a +1 antimagic trident.
* * * LOW HITPOINT WARNING * * *
You feel your power leaking away.
It was a potion of degeneration.
There was something very wrong with that liquid.
You feel weakened.
You feel dopey.
You feel clumsy. Ijyb hits you but does no damage. The orc closely misses you.
A puff of flame appears from out of thin air!
The puff of flame hits the orc!
The orc dies!
Your shield prevents you from hitting Ijyb.
Your headbutt misses Ijyb.
Ijyb is lightly wounded.
You block Ijyb's attack.
Unknown command.
You hit Ijyb but do no damage.
Ijyb is lightly wounded.
Ijyb zaps a wand.
The bolt of acid hits you!!
You die...

###.# ##......#......l#..##
##.#.# ##.......#..###.b#..#
##....###........#..###.W+..##
#.......').......#b$.....+....
##....###).......#l)###..+..##
##.#.# ##.......#..###..#..##
###.# ##......#.......#..##
#.# ##...#.#########..## #.#
##@##............# ..#
#g############.## ###** #)#
#.# # , #o# #.# #


.ol #.# # ... * * *### ...* , * * * ##.## , , * You could see Ijyb, 2 orcs, a
bat and 2 frilled lizards.

Vanquished Creatures
  Grinder (D:3)
  Robin (D:3)
  4 worms
  4 dart slugs
  An orc (D:3)
  4 ball pythons (D:1)
  5 endoplasms
  14 goblins
  10 hobgoblins
  8 jackals
  A quokka (D:1)
  4 bats (D:1)
  3 frilled lizards
  4 kobolds
  13 rats
77 creatures vanquished.

Vanquished Creatures (others)
  An orc (D:3)
1 creature vanquished.

Grand Total: 78 creatures vanquished

Notes
Turn   | Place    | Note
-------+----------+-------------------------------------------
     0 | D:1      | mandarbmax the Minotaur Fighter began the quest for the
                  | Orb.
     0 | D:1      | Reached XP level 1. HP: 19/19 MP: 0/0
    95 | D:1      | Reached skill level 3 in Long Blades
   107 | D:1      | Reached XP level 2. HP: 24/26 MP: 1/1
   267 | D:1      | Reached skill level 4 in Long Blades
   370 | D:1      | Reached XP level 3. HP: 29/31 MP: 2/2
   977 | D:2      | Found Cainwed's Armour Emporium.
  1271 | D:2      | Reached skill level 5 in Long Blades
  1522 | D:3      | Noticed Grinder
  1526 | D:3      | Killed Grinder
  1527 | D:3      | Reached skill level 7 in Long Blades
  1527 | D:3      | Reached XP level 4. HP: 39/39 MP: 3/3
  1527 | D:3      | Reached XP level 5. HP: 45/45 MP: 4/4
  1554 | D:3      | Noticed Robin
  1558 | D:3      | Killed Robin
  1559 | D:3      | Reached XP level 6. HP: 46/52 MP: 5/5
  1906 | D:3      | Found a runed translucent gate.
  1906 | D:3      | Found a runed translucent gate.
  1906 | D:3      | Found a runed translucent gate.
  1910 | D:3      | Noticed krigyl's ghost (amateur VSWz)
  2054 | D:3      | Noticed Ijyb
  2062 | D:3      | Gained mutation: You are partially covered in iridescent
                  | scales. (AC +2) [potion of mutation]
  2062 | D:3      | Gained mutation: You passively map a small area around you.
                  | [potion of mutation]
  2062 | D:3      | Gained mutation: Your natural rate of healing is unusually
                  | fast. [potion of mutation]
  2066 | D:3      | Killed from afar by Ijyb

Illustrated notes

Levels and vault maps discovered:
D:1:      ncdulo_watergridlock, layout_basic
D:2:      layout_loops_cross, serial_shops, shop_statue, minmay_rat_gold_closets
D:3:      minmay_chambers_of_twos, layout_loops_corners, gammafunk_ghost_split,
          corexii_leaking_fountain, uniq_ijyb, uniq_grinder, uniq_robin

Skill      XL: |  1  2  3 |
---------------+----------+-----
Long Blades    | 3 4 7 |  7.6
Fighting       | |  3.8
Armour         | |  3.8
Shields        | |  3.8

Action                   |  1- 3 |  4- 6 || total
-------------------------+-------+-------++-------
Melee: Long sword        |    91 |    54 ||   145
       Headbutt          |     4 |    12 ||    16
Throw: Dart              |     8 |     6 ||    14
  Use: Potion            |     1 |     4 ||     5
Armor: Scale mail        |    39 |    18 ||    57
Dodge: Dodged            |    18 |    17 ||    35
Block: Kite shield       |    40 |    21 ||    61
       Rpst.: Long sword |     4 |     3 ||     7
